cohdb
Replays
Latest Replays
All Replays
Popular Replays
Top Player Replays
Match Explorer
How It Works
Community
CoH3 Stats
Reddit
Sign in to upload your games and track your stats! →
Sign in with Steam
Match 44343779
Unlisted
Match 44343779
Overview
Messages
Build Orders
End
Panzergrenadier Squad
Panzergrenadier Squad
Panzergrenadier Squad
Construct Light Support Kompanie
2.5-tonne Medical Truck
Fire Support Elements
le.IG 18 Support Gun Team
Selects Italian Infantry
Selects Guastatori Squad
Selects L6/40 Light Tank Combat Group
Flakvierling Half-track
Assault Mechanized Group
2.5-tonne Medical Truck
Construct Mechanized Kompanie
18-tonne Recovery Half-track
Marder III Tank Destroyer
Selects Towed Cannone da 105/28 Field Howitzer
Selects Defensive Operations
Construct Panzerarmee Kommand
Selects Prepared Positions
Armored Reserves
Guastatori Squad
Selects Obice 305mm Barrage
packapacka
Wolf 0815
Büffel
Citizen Mars
[DA] CaseAG
Dr.Stein
gUi
自殺大雞巴
0
0
Comments
sign in to comment!
No comments posted yet!